[Event "Titled Tuesday Blitz February 21 Early 2023"]
[White "Bogaudinov, Rushan"]
[Black "Zhukova, Natalia"]
[WhiteFideId "4129288"]
[BlackFideId "14101513"]
[WhiteElo "1939"]
[BlackElo "2324"]
[Result "0-1"]
[Round "08"]
[TimeControl "180+2"]
[Date "2023.02.21"]
[WhiteClock "0:00:05"]
[BlackClock "0:00:06"]

1. a3 e5 2. e3 d5 3. Nf3 e4 4. Ng1 c5 5. d3 Nf6 6. dxe4 Nxe4 7. c4 Be6 8. Nf3 Nc6 9. cxd5 Qxd5 10. Qxd5 Bxd5 11. Nbd2 O-O-O 12. Nxe4 Bxe4 13. Bd2 f6 14. Rc1 Kb8 15. h4 Be7 16. h5 Bxf3 17. gxf3 Ne5 18. Be2 Nd3+ 19. Bxd3 Rxd3 20. h6 g6 21. Bc3 Rhd8 22. Ke2 R3d5 23. f4 Kc7 24. e4 Rd3 25. Rcd1 Rxd1 26. Rxd1 Rxd1 27. Kxd1 Kd7 28. Ke2 Ke6 29. Kd3 Bf8 30. Bd2 f5 31. f3 Bxh6 32. Kc4 Bf8 33. Be3 h5 34. Bf2 Be7 35. b4 cxb4 36. axb4 a6 37. b5 a5 38. Kb3 h4 39. Ka4 h3 40. Bg1 Bd8 41. Kb3 b6 42. Kc4 Bh4 43. Bh2 Bf2 44. Kd3 Bc5 45. Kc4 a4 46. Kc3 a3 47. Kb3 Be7 48. Ka2 Kd6 49. Kxa3 Kc5 50. Ka4 Kd4 51. Kb3 Ke3 52. Kc4 Kxf3 53. e5 Kg2 54. Kd5 Kxh2 55. Ke6 Bh4 56. Kf7 Kg3 57. e6 h2 58. e7 Bxe7 59. Kxe7 h1=Q 0-1


[Site "https://www.chess.com"]

[Event "Titled Tuesday Blitz February 21 Early 2023"]
[White "Bambino Filho, Antonio Carlos"]
[Black "Lauridsen, Jesper Morch"]
[WhiteFideId "2113163"]
[BlackFideId "1401890"]
[WhiteElo "2144"]
[BlackElo "2309"]
[Result "1-0"]
[Round "08"]
[TimeControl "180+2"]
[Date "2023.02.21"]
[WhiteClock "0:00:19"]
[BlackClock "0:00:01"]

1. e4 e6 2. Nc3 d5 3. Nf3 dxe4 4. Nxe4 Nd7 5. d4 Ngf6 6. Bd3 c5 7. O-O Nxe4 8. Bxe4 Nf6 9. Qe2 Nxe4 10. Qxe4 cxd4 11. Nxd4 Bc5 12. Be3 Bxd4 13. Bxd4 O-O 14. Rad1 Qa5 15. Bc3 Qxa2 16. Rd3 e5 17. Qxe5 f6 18. Qe7 Bf5 19. Rg3 Rf7 20. Qc5 Bxc2 21. Bxf6 Rxf6 22. Qxc2 Raf8 23. Ra3 Qf7 24. Rxa7 Rc6 25. Qxc6 bxc6 26. Rxf7 Kxf7 27. Rc1 Rb8 28. Rc2 Rb6 29. Kf1 Ke6 30. Ke1 g6 31. Kd1 Kd6 32. Rd2+ Ke6 33. Kc2 Rb5 34. Rd3 Rf5 35. f3 Rh5 36. h3 Rg5 37. g4 h5 38. Kd2 hxg4 39. hxg4 Rb5 40. b3 g5 41. Ke3 Re5+ 42. Kf2 Rb5 43. Ke3 Re5+ 44. Kd4 Rd5+ 45. Kc4 Re5 46. b4 Re1 47. Kc5 Rc1+ 48. Kb6 Ke5 49. Rd8 Kf4 50. Rf8+ Ke3 51. Rf5 Rb1 52. Kc5 Rc1+ 53. Kb6 Rb1 54. Kc5 Rc1+ 55. Kd6 Rb1 56. Rxg5 Rxb4 57. Rf5 Rc4 58. g5 1-0


[Site "https://www.chess.com"]

[Event "Titled Tuesday Blitz February 21 Early 2023"]
[White "Poeta, Caio Medeiros"]
[Black "MunichMouse"]
[WhiteFideId "2142660"]
[WhiteElo "2088"]
[BlackElo "2296"]
[Result "1-0"]
[Round "08"]
[TimeControl "180+2"]
[Date "2023.02.21"]
[WhiteClock "0:00:04"]
[BlackClock "0:00:03"]

1. d4 Nf6 2. c4 g6 3. Nc3 Bg7 4. e4 d6 5. f3 O-O 6. Be3 Nbd7 7. Nge2 c5 8. Qd2 a6 9. g3 Qa5 10. Bg2 b5 11. cxb5 axb5 12. O-O b4 13. Nd1 c4 14. Nf2 Bb7 15. Rfc1 Rfc8 16. f4 e5 17. fxe5 dxe5 18. d5 Ne8 19. Bh3 Nef6 20. Bg5 Rc5 21. Be3 Rc7 22. a3 c3 23. bxc3 bxa3 24. Ra2 Nc5 25. Bxc5 Qxc5 26. Kg2 Nxd5 27. exd5 Bxd5+ 28. Kf1 Bh6 29. Qxh6 Bxa2 30. Ne4 Qc6 31. Bg2 f5 32. Nf6+ Qxf6 33. Bxa8 Bc4 34. Qe3 a2 35. Qd2 Qa6 36. Bd5+ Kg7 37. Bxc4 Qxc4 38. Ra1 Ra7 39. Kg2 Qe4+ 40. Kg1 Qb1+ 41. Qc1 Qxc1+ 42. Nxc1 Ra3 43. Nxa2 e4 44. Kf2 Kf6 45. Ke3 Ke5 46. Kd2 g5 47. Kc2 f4 48. Kb2 Ra7 49. gxf4+ gxf4 50. Re1 Rd7 51. Nb4 e3 52. Kc2 Rd2+ 53. Kb3 Rxh2 54. Nd3+ Ke4 55. Nc5+ Kf3 56. c4 e2 57. Nd3 Ke3 58. Ne5 f3 59. Ng4+ Kd2 60. Ra1 Rg2 61. Ne5 e1=Q 62. Nxf3+ Kd3 63. Nxe1+ 1-0


[Site "https://www.chess.com"]

[Event "Titled Tuesday Blitz February 21 Early 2023"]
[White "Delorme, Axel"]
[Black "Fernandez Siles, Luis"]
[WhiteFideId "632023"]
[BlackFideId "2209420"]
[WhiteElo "2483"]
[BlackElo "2218"]
[Result "1/2-1/2"]
[Round "08"]
[TimeControl "180+2"]
[Date "2023.02.21"]
[WhiteClock "0:00:04"]
[BlackClock "0:00:08"]

1. e4 c5 2. Nf3 Nc6 3. Bb5 g6 4. O-O Bg7 5. c3 Nf6 6. Re1 O-O 7. d4 d5 8. e5 Ne4 9. Be3 cxd4 10. cxd4 Bd7 11. Bxc6 Bxc6 12. Nbd2 Rc8 13. Qb3 Nxd2 14. Bxd2 Qd7 15. h3 a6 16. Bg5 f6 17. exf6 exf6 18. Bf4 Rfe8 19. Qb4 Re4 20. Be3 Rce8 21. Nd2 R4e7 22. Nb3 Qc7 23. Qc5 Bf8 24. Qc3 Qd6 25. Bd2 b6 26. Re3 Rxe3 27. Bxe3 a5 28. Rc1 Bd7 29. Qd2 Rc8 30. Bf4 Qb4 31. Rxc8 Bxc8 32. Qxb4 Bxb4 33. Bd2 Bd6 34. Kf1 Ba6+ 35. Ke1 Bc4 36. Nc1 a4 37. b3 axb3 38. axb3 Ba6 39. Be3 Kf7 40. Kd2 Ke6 41. Na2 f5 42. Bg5 f4 43. Nc3 Bb4 44. Bd8 Bf1 45. g3 fxg3 46. fxg3 b5 47. h4 h5 48. Bc7 Kf5 49. Bf4 Kg4 50. Kc2 Bxc3 51. Kxc3 Kf5 52. Kb4 Ke4 53. Kc5 Bd3 54. b4 Bc4 55. Be5 Kf5 56. Kd6 g5 57. hxg5 Kxg5 58. Bf4+ Kg4 59. Be5 Kf3 60. Kc5 Kg4 61. Kd6 Kf3 62. Kc5 Kg4 63. Kd6 1/2-1/2


[Site "https://www.chess.com"]

[Event "Titled Tuesday Blitz February 21 Early 2023"]
[White "Kejna, Piotr"]
[Black "Thiel, Thomas"]
[WhiteFideId "21821704"]
[BlackFideId "4615964"]
[WhiteElo "2027"]
[BlackElo "2234"]
[Result "1-0"]
[Round "08"]
[TimeControl "180+2"]
[Date "2023.02.21"]
[WhiteClock "0:00:35"]
[BlackClock "0:01:05"]

1. e4 d5 2. exd5 Nf6 3. Bb5+ Nbd7 4. Nf3 Nxd5 5. O-O c6 6. Bc4 g6 7. Nc3 Nc7 8. Re1 Bg7 9. d4 O-O 10. Bg5 Nf6 11. Qe2 Be6 12. Rad1 Re8 13. Ne5 Bxc4 14. Qxc4 Nfd5 15. Bh4 Nxc3 16. Qxf7+ Kh8 17. bxc3 Qd5 18. Qf4 Ne6 19. Qg4 Kg8 20. c4 Qd6 21. c5 1-0


[Site "https://www.chess.com"]

[Event "Titled Tuesday Blitz February 21 Early 2023"]
[White "Heinemann, Josefine"]
[Black "Delorme, Alban"]
[WhiteFideId "12900460"]
[BlackFideId "623636"]
[WhiteElo "2289"]
[BlackElo "2298"]
[Result "1-0"]
[Round "08"]
[TimeControl "180+2"]
[Date "2023.02.21"]
[WhiteClock "0:02:30"]
[BlackClock "0:02:20"]

1. e4 c5 2. Nf3 d6 3. Bb5+ Bd7 4. Bxd7+ Nxd7 5. O-O Ngf6 6. Qe2 g6 7. c3 Bg7 8. d4 cxd4 9. cxd4 d5 10. e5 Ne4 11. Ne1 O-O 12. f3 Ng5 13. Bxg5 Qb6 14. Be3 Nxe5 15. dxe5 d4 16. Bf2 d3 17. Nxd3 1-0


[Site "https://www.chess.com"]

[Event "Titled Tuesday Blitz February 21 Early 2023"]
[White "Cramling Bellon, Anna"]
[Black "Sargissyan, Sargis"]
[WhiteFideId "32009232"]
[BlackFideId "13303210"]
[WhiteElo "2043"]
[BlackElo "2234"]
[Result "0-1"]
[Round "08"]
[TimeControl "180+2"]
[Date "2023.02.21"]
[WhiteClock "0:00:04"]
[BlackClock "0:00:06"]

1. d4 Nf6 2. c4 g6 3. Nc3 d5 4. cxd5 Nxd5 5. e4 Nxc3 6. bxc3 Bg7 7. Qa4+ Nd7 8. Nf3 O-O 9. Bg5 c5 10. Qa3 cxd4 11. cxd4 Nf6 12. Bd3 Bg4 13. Be3 Bxf3 14. gxf3 Nh5 15. Qb2 e5 16. d5 Nf4 17. Bf1 Rc8 18. Rd1 Qa5+ 19. Qd2 Qa4 20. Bd3 Qd7 21. Bxf4 exf4 22. O-O Be5 23. Rc1 Qh3 24. Qe2 Kg7 25. Kh1 g5 26. Rxc8 Rxc8 27. Rg1 h6 28. Qd1 Rc3 29. Bf1 Qxf3+ 30. Qxf3 Rxf3 31. Kg2 g4 32. Be2 Ra3 33. Bxg4 Rxa2 34. Bc8 Bd4 35. Kf3+ Kf6 36. Rg2 Ke5 37. Bf5 b5 38. Kg4 Rxf2 39. Rxf2 Bxf2 40. Kh5 b4 41. Kxh6 b3 42. d6 b2 43. d7 Bb6 44. d8=Q Bxd8 45. h4 b1=Q 46. Kg7 Qg1+ 47. Kf8 Qh2 48. h5 Qxh5 49. Ke8 Qg5 50. Kxf7 Qe7+ 51. Kg6 Qf6+ 52. Kh5 Qg5# 0-1


[Site "https://www.chess.com"]

[Event "Titled Tuesday Blitz February 21 Early 2023"]
[White "Gatterer, Florian"]
[Black "kiwibobo"]
[WhiteFideId "811688"]
[WhiteElo "2170"]
[BlackElo "2140"]
[Result "1/2-1/2"]
[Round "08"]
[TimeControl "180+2"]
[Date "2023.02.21"]
[WhiteClock "0:01:48"]
[BlackClock "0:01:57"]

1. e4 e5 2. Nf3 Nc6 3. Bb5 a6 4. Ba4 Nf6 5. O-O b5 6. Bb3 Bc5 7. c3 d6 8. a4 Rb8 9. d4 Bb6 10. Be3 O-O 11. Nbd2 h6 12. h3 Re8 13. axb5 axb5 14. Re1 exd4 15. Nxd4 Nxd4 16. Bxd4 c5 17. Bxf6 Qxf6 18. Bd5 c4 19. Nf3 Bb7 20. Bxb7 Rxb7 21. Qd5 1/2-1/2


[Site "https://www.chess.com"]

[Event "Titled Tuesday Blitz February 21 Early 2023"]
[White "Melian, Juan Sebastian"]
[Black "Matveeva, Olga"]
[WhiteFideId "3706575"]
[BlackFideId "24107018"]
[WhiteElo "2293"]
[BlackElo "2128"]
[Result "0-1"]
[Round "08"]
[TimeControl "180+2"]
[Date "2023.02.21"]
[WhiteClock "0:01:55"]
[BlackClock "0:01:03"]

1. d4 d5 2. Nf3 Nf6 3. Bg5 Ne4 4. Bf4 c5 5. e3 Nc6 6. Nbd2 Nxd2 7. Qxd2 cxd4 8. exd4 Bf5 9. Bd3 Bxd3 10. Qxd3 e6 11. c3 Be7 12. O-O O-O 13. Rfe1 Rc8 14. Re3 a6 15. Ne5 Nxe5 16. Bxe5 Bf6 17. Rae1 Bxe5 18. Rxe5 b5 19. h4 Qxh4 20. g3 Qf6 21. Kg2 Rc4 22. R1e3 Rfc8 23. Rf3 Qg6 24. Qe3 b4 25. Rg5 Qh6 26. Qf4 f6 0-1


[Site "https://www.chess.com"]

[Event "Titled Tuesday Blitz February 21 Early 2023"]
[White "Fajdetic, Hrvoje"]
[Black "Petrovic, Aleksa"]
[WhiteFideId "14501945"]
[BlackFideId "967629"]
[WhiteElo "2151"]
[BlackElo "2332"]
[Result "0-1"]
[Round "08"]
[TimeControl "180+2"]
[Date "2023.02.21"]
[WhiteClock "0:00:08"]
[BlackClock "0:00:15"]

1. d4 Nf6 2. Bf4 e6 3. e3 c5 4. Nd2 Nc6 5. Nc4 d5 6. Ne5 Be7 7. c3 O-O 8. Ngf3 Ne4 9. Bd3 f6 10. Nxc6 bxc6 11. Bxe4 dxe4 12. Nd2 Qd5 13. c4 Qf5 14. Bg3 cxd4 15. exd4 c5 16. dxc5 e3 17. fxe3 Bxc5 18. Qf3 Qd3 19. Qxa8 Qxe3+ 20. Kd1 Rd8 21. Be1 Bb4 22. Qf3 Rxd2+ 23. Kc1 Qd4 24. Bxd2 Qxd2+ 25. Kb1 Bb7 26. Qd1 Be4+ 0-1


[Site "https://www.chess.com"]

[Event "Titled Tuesday Blitz February 21 Early 2023"]
[White "Jimenez Jimenez, Leandro"]
[Black "Sai Han Thiha"]
[WhiteFideId "6415253"]
[BlackFideId "13012290"]
[WhiteElo "2146"]
[BlackElo "2070"]
[Result "1-0"]
[Round "08"]
[TimeControl "180+2"]
[Date "2023.02.21"]
[WhiteClock "0:00:06"]
[BlackClock "0:00:02"]

1. d4 Nf6 2. c4 e6 3. Nf3 Bb4+ 4. Bd2 Qe7 5. Nc3 Bxc3 6. Bxc3 Ne4 7. Qc2 Nxc3 8. Qxc3 a5 9. a3 O-O 10. g3 d6 11. Bg2 Nd7 12. O-O e5 13. dxe5 dxe5 14. b4 f6 15. Ne1 axb4 16. Qb3 bxa3 17. Nc2 Nc5 18. Qb5 c6 19. Qb4 Ra4 20. Qb6 Bf5 21. Nxa3 Rfa8 22. Qb2 Ne6 23. e4 Rxa3 24. exf5 Nd4 25. Rxa3 Rxa3 26. Qb6 Nxf5 27. Rb1 Rc3 28. Bf1 Nd4 29. Ra1 h5 30. Ra7 Rb3 31. Ra8+ Kh7 32. Qa7 c5 33. Qb8 e4 34. Qh8+ Kg6 35. Re8 Nf3+ 36. Kg2 Ne1+ 37. Kg1 Qd7 38. Rd8 Nf3+ 39. Kg2 Qf7 40. Rf8 Ne1+ 41. Kg1 Qc7 42. Rc8 Qe5 43. Re8 Nf3+ 44. Kg2 Ne1+ 45. Kg1 Qd4 46. Rd8 Nf3+ 47. Kg2 Qb2 48. Qe8+ Kh6 49. Qh8+ Kg6 50. Qe8+ Kg5 51. Qxe4 Ne5 52. h3 Qc3 53. h4+ Kh6 54. Rh8# 1-0


[Site "https://www.chess.com"]

[Event "Titled Tuesday Blitz February 21 Early 2023"]
[White "Gamage, Wanshini Vidusama"]
[Black "Eynullayev, Atilla"]
[WhiteFideId "9953752"]
[BlackFideId "13413570"]
[WhiteElo "1089"]
[BlackElo "2281"]
[Result "0-1"]
[Round "08"]
[TimeControl "180+2"]
[Date "2023.02.21"]
[WhiteClock "0:00:06"]
[BlackClock "0:00:07"]

1. e4 c5 2. Nf3 d6 3. d4 cxd4 4. Nxd4 Nf6 5. Nc3 a6 6. Rg1 h5 7. Be3 e6 8. Qd2 Be7 9. O-O-O b5 10. h3 Bb7 11. f3 Nbd7 12. g4 Nb6 13. g5 Nfd7 14. g6 Ne5 15. gxf7+ Kxf7 16. Qg2 Bf6 17. f4 Nec4 18. Qg6+ Ke7 19. e5 dxe5 20. Nf5+ exf5 21. Rxd8 Rhxd8 22. Bc5+ Ke6 23. Bd3 e4 24. Bxe4 fxe4 25. f5+ Ke5 26. Rf1 h4 27. Qg2 Rd2 28. Qg1 Rad8 29. Bxb6 Nxb6 30. b3 R2d6 31. Qh2+ Kd4 32. Kb2 Kc5 33. Qf2+ Kc6 34. a4 b4 35. a5 Bxc3+ 36. Ka2 Nd5 37. Qxh4 e3 38. Qe4 Kc7 39. Rf3 Kb8 40. Rxe3 Nxe3 41. Qxe3 Rd1 0-1


[Site "https://www.chess.com"]

[Event "Titled Tuesday Blitz February 21 Early 2023"]
[White "Zaichenko, Daria"]
[Black "Sanchez, Robert"]
[WhiteFideId "4197453"]
[BlackFideId "2034360"]
[WhiteElo "2104"]
[BlackElo "1966"]
[Result "1-0"]
[Round "08"]
[TimeControl "180+2"]
[Date "2023.02.21"]
[WhiteClock "0:00:12"]
[BlackClock "0:00:14"]

1. e4 c5 2. Nf3 e6 3. d4 cxd4 4. Nxd4 a6 5. Nc3 Qc7 6. Bd3 Nc6 7. Nb3 Nf6 8. O-O Bd6 9. f4 e5 10. f5 Bb4 11. Bd2 d6 12. Nd5 Nxd5 13. exd5 Bxd2 14. Qxd2 Ne7 15. Qg5 f6 16. Qxg7 Rg8 17. Qxh7 Bd7 18. Qh5+ Kd8 19. Qf7 b5 20. Qxf6 a5 21. Nd2 Qc5+ 22. Kh1 Be8 23. Ne4 Qxd5 24. Qxd6+ Bd7 25. f6 Qxd6 26. Nxd6 Nd5 27. Be4 Bc6 28. Nxb5 Rb8 29. c4 Ne3 30. Bxc6 Nxf1 31. Rxf1 Rf8 32. Bd5 Rb6 33. f7 Rg6 34. Re1 Rf6 35. g4 Rf2 36. Rxe5 Rxb2 37. Nd6 Kd7 38. Ne4 Rxa2 39. Nf6+ Kd6 40. Re6+ Kc5 41. Ra6 Rb8 42. Nd7+ 1-0


[Site "https://www.chess.com"]

[Event "Titled Tuesday Blitz February 21 Early 2023"]
[White "Deev, Andrei"]
[Black "Papayan, Oleg"]
[WhiteFideId "4102690"]
[BlackFideId "4193911"]
[WhiteElo "2390"]
[BlackElo "2253"]
[Result "1-0"]
[Round "08"]
[TimeControl "180+2"]
[Date "2023.02.21"]
[WhiteClock "0:01:20"]
[BlackClock "0:01:03"]

1. e4 d5 2. exd5 Qxd5 3. d4 e5 4. Nf3 Bg4 5. Be2 Nc6 6. c4 Bb4+ 7. Nc3 Qe4 8. O-O Bxc3 9. bxc3 exd4 10. cxd4 O-O-O 11. d5 Nf6 12. Be3 Bxf3 13. gxf3 Qxc4 14. Bxc4 1-0


[Site "https://www.chess.com"]

[Event "Titled Tuesday Blitz February 21 Early 2023"]
[White "Orujov, Elshad"]
[Black "Mayaud, Raphael"]
[WhiteFideId "13403540"]
[BlackFideId "627151"]
[WhiteElo "2304"]
[BlackElo "2201"]
[Result "1-0"]
[Round "08"]
[TimeControl "180+2"]
[Date "2023.02.21"]
[WhiteClock "0:00:09"]
[BlackClock "0:00:02"]

1. e4 c5 2. Nf3 e6 3. d4 cxd4 4. Nxd4 a6 5. Bd3 Bc5 6. Nb3 Ba7 7. Qe2 Ne7 8. Nc3 Nbc6 9. Be3 Qc7 10. Bxa7 Rxa7 11. O-O b5 12. a3 Bb7 13. Rad1 O-O 14. Rd2 Ne5 15. f4 Nxd3 16. Qxd3 d5 17. e5 Qc4 18. Nd4 Qxd3 19. Rxd3 Nc6 20. Nce2 Rc8 21. Nxc6 Rxc6 22. Nd4 Rc4 23. c3 Bc8 24. g4 Re7 25. Re3 a5 26. Nxb5 Ba6 27. Nd4 Rxd4 28. cxd4 Bxf1 29. Kxf1 Rb7 30. Rc3 g6 31. b3 Kg7 32. Ke2 f6 33. Kd3 fxe5 34. dxe5 a4 35. bxa4 Ra7 36. Rc6 Rxa4 37. Rxe6 Rxf4 38. Rd6 Rxg4 39. Rxd5 Ra4 40. Rd7+ Kg8 41. Kc3 Rxa3+ 42. Kc4 Re3 43. Kd5 Rd3+ 44. Ke6 Re3 45. Rd8+ Kg7 46. Kd6 g5 47. e6 Rd3+ 48. Ke7 Re3 49. Kd7 Rd3+ 50. Ke8 Kf6 51. Rxd3 Kxe6 52. Rh3 Kf5 53. Rxh7 Kg4 54. Ra7 Kf4 55. Ra3 g4 56. Rg3 1-0


[Site "https://www.chess.com"]

[Event "Titled Tuesday Blitz February 21 Early 2023"]
[White "Rosenberg, Evan S"]
[Black "SicilianPanzer"]
[WhiteFideId "2019299"]
[WhiteElo "1956"]
[BlackElo "2254"]
[Result "1-0"]
[Round "08"]
[TimeControl "180+2"]
[Date "2023.02.21"]
[WhiteClock "0:01:57"]
[BlackClock "0:01:55"]

1. d4 Nf6 2. Nf3 e6 3. g3 b5 4. Bg2 Bb7 5. O-O Be7 6. Bg5 O-O 7. Qd3 a6 8. Nbd2 Nc6 9. c3 d5 10. Nb3 h6 11. Bxf6 Bxf6 12. Nc5 Bc8 13. e4 dxe4 14. Qxe4 Qd6 15. Ne5 1-0


[Site "https://www.chess.com"]

[Event "Titled Tuesday Blitz February 21 Early 2023"]
[White "Torres Boch, Jose Francisco"]
[Black "Mendez Machado, Andre"]
[WhiteFideId "2278383"]
[BlackFideId "6603793"]
[WhiteElo "2180"]
[BlackElo "1974"]
[Result "0-1"]
[Round "08"]
[TimeControl "180+2"]
[Date "2023.02.21"]
[WhiteClock "0:00:01"]
[BlackClock "0:00:03"]

1. e4 e5 2. Nf3 Nc6 3. Bb5 a6 4. Ba4 Nf6 5. O-O b5 6. Bb3 Bc5 7. Re1 d6 8. h3 O-O 9. c3 Bb6 10. a4 Bb7 11. d4 h6 12. d5 Ne7 13. a5 Ba7 14. c4 c6 15. Be3 bxc4 16. Bxc4 cxd5 17. exd5 Nexd5 18. Bxa7 Rxa7 19. Qb3 Nf4 20. Nbd2 d5 21. Bf1 e4 22. Nd4 Nd7 23. Rad1 Qf6 24. Nb1 Nc5 25. Qe3 Raa8 26. Nc3 Ncd3 27. Bxd3 Nxd3 28. Re2 Rac8 29. f3 Nf4 30. Red2 Qg5 31. fxe4 dxe4 32. Rf1 Nxh3+ 33. Qxh3 Qxd2 34. Nf5 e3 35. Nxe3 Qd4 36. Kh1 Rcd8 37. Nf5 Qd7 38. Qg3 g6 39. Nxh6+ Kg7 40. Ng4 Rh8+ 41. Kg1 Qd4+ 42. Qf2 Qxf2+ 43. Kxf2 Rd2+ 44. Ke3 Rxg2 45. Ne5 f6 46. Nc4 Re8+ 47. Kd4 Rg4+ 48. Kc5 Rc8+ 49. Kb6 Rgxc4 50. Kxb7 R4c6 51. Rd1 R8c7+ 52. Kb8 g5 53. Nd5 Rc8+ 54. Kb7 Rc2 55. b4 R8c6 0-1


[Site "https://www.chess.com"]

[Event "Titled Tuesday Blitz February 21 Early 2023"]
[White "Petrova, Irina"]
[Black "Simonovic, Miroslav"]
[WhiteFideId "14124122"]
[BlackFideId "919152"]
[WhiteElo "2108"]
[BlackElo "2082"]
[Result "1-0"]
[Round "08"]
[TimeControl "180+2"]
[Date "2023.02.21"]
[WhiteClock "0:00:05"]
[BlackClock "0:00:04"]

1. e4 c5 2. Nf3 Nc6 3. Bb5 g6 4. Bxc6 dxc6 5. d3 Bg7 6. Nc3 e5 7. Be3 b6 8. Qd2 h6 9. h3 Ne7 10. O-O Be6 11. a3 f5 12. exf5 gxf5 13. Qe2 O-O 14. Bd2 Ng6 15. Rfe1 Kh7 16. b4 cxb4 17. axb4 Bd5 18. Ra3 a5 19. bxa5 Rxa5 20. Rxa5 bxa5 21. Ra1 e4 22. Ne1 Ne5 23. Nxd5 exd3 24. cxd3 Nxd3 25. Nxd3 Bxa1 26. N5f4 a4 27. Qh5 Qg5 28. Qd1 Qf6 29. Qxa4 Rg8 30. Nh5 Qd4 31. Qxc6 Rg6 32. Qc7+ Kg8 33. Qc8+ Kh7 34. Qc7+ Kg8 35. Nhf4 1-0


[Site "https://www.chess.com"]

[Event "Titled Tuesday Blitz February 21 Early 2023"]
[White "Melikhov, Evgeny V."]
[Black "Kiseljova, Marya"]
[WhiteFideId "4122046"]
[BlackFideId "4155009"]
[WhiteElo "2269"]
[BlackElo "2031"]
[Result "1-0"]
[Round "08"]
[TimeControl "180+2"]
[Date "2023.02.21"]
[WhiteClock "0:00:55"]
[BlackClock "0:00:01"]

1. d4 e6 2. c4 Nf6 3. Nc3 Bb4 4. Qc2 O-O 5. e4 Bxc3+ 6. bxc3 d6 7. e5 dxe5 8. dxe5 Nfd7 9. Nf3 Nc6 10. Bf4 Qe7 11. Bd3 f5 12. exf6 Nxf6 13. O-O Bd7 14. Rfe1 g6 15. Bxc7 Rac8 16. Bg3 Nh5 17. Qe2 Nxg3 18. hxg3 Qf6 19. Rac1 e5 20. Be4 Na5 21. Bd5+ Kg7 22. Qxe5 Bc6 23. Nd4 Bxd5 24. cxd5 Nc4 25. Qxf6+ Kxf6 26. Re7 Kxe7 27. Re1+ Kd6 28. Nb5+ Kxd5 29. Nxa7 Rce8 30. Rd1+ Kc5 31. a4 Ra8 32. Nb5 Rxa4 33. Nd4 Ra2 34. Ne6+ Kc6 35. Nxf8 Rc2 36. Nxh7 Rxc3 37. Nf8 b5 38. Nxg6 b4 39. Nf4 b3 40. Nd3 b2 41. Nxb2 Nxb2 42. Rd4 Nd3 43. f3 Rc1+ 44. Kh2 Nf2 45. g4 Kc5 46. Rd2 Nd1 47. g5 Ne3 48. Rd8 Ra1 49. Kh3 Ra2 50. g3 Ra1 51. Kh2 Ra2+ 52. Kh1 Ra1+ 53. Kh2 Ra2+ 54. Kh3 Ra1 55. g4 Rh1+ 56. Kg3 Rh7 57. f4 Nd5 58. g6 Rg7 59. f5 Kd4 60. Re8 Nf6 61. Re6 Ne4+ 62. Kf4 Nc5 63. Rd6+ Kc4 64. Rd1 Nd3+ 65. Kg5 Nf2 66. Rd8 1-0


[Site "https://www.chess.com"]

[Event "Titled Tuesday Blitz February 21 Early 2023"]
[White "Todev, Simeon"]
[Black "Michalski, Olaf"]
[WhiteFideId "2925133"]
[BlackFideId "1106740"]
[WhiteElo "2033"]
[BlackElo "2273"]
[Result "1-0"]
[Round "08"]
[TimeControl "180+2"]
[Date "2023.02.21"]
[WhiteClock "0:00:49"]
[BlackClock "0:00:06"]

1. e4 c5 2. Nf3 a6 3. d4 cxd4 4. Nxd4 Nf6 5. Nc3 e5 6. Nf3 Bb4 7. Bg5 Qc7 8. Bxf6 Bxc3+ 9. bxc3 Qxc3+ 10. Nd2 gxf6 11. Bd3 d6 12. O-O Rg8 13. Nc4 Qd4 14. Be2 Ke7 15. c3 Qc5 16. Rb1 b5 17. Ne3 Be6 18. a4 bxa4 19. Bg4 Nd7 20. Bxe6 fxe6 21. Qh5 Rg7 22. Qh6 Rag8 23. Rb7 Qc6 24. Rfb1 Qxe4 25. Qh3 Qc6 26. R7b4 d5 27. Rh4 Kd6 28. Rxh7 a3 29. Rxg7 Rxg7 30. Ra1 Qxc3 31. Nf5+ exf5 32. Qxc3 Nc5 33. Rxa3 1-0


[Site "https://www.chess.com"]

[Event "Titled Tuesday Blitz February 21 Early 2023"]
[White "Florescu, Codrut-Constantin"]
[Black "Alhadad, Mahmoud"]
[WhiteFideId "1202200"]
[BlackFideId "11501863"]
[WhiteElo "2259"]
[BlackElo "1840"]
[Result "1-0"]
[Round "08"]
[TimeControl "180+2"]
[Date "2023.02.21"]
[WhiteClock "0:01:31"]
[BlackClock "0:00:01"]

1. e4 d5 2. exd5 Nf6 3. d4 Bg4 4. f3 Bf5 5. g4 Bg6 6. c4 e6 7. g5 Nh5 8. Nc3 c5 9. Be3 Be7 10. dxc5 Bxg5 11. Qd2 Bxe3 12. Qxe3 Qh4+ 13. Qf2 Qf4 14. Nge2 Qe5 15. Qd4 Qg5 16. Rg1 Qh6 17. Qd2 Qxd2+ 18. Kxd2 Nd7 19. Ne4 Bxe4 20. fxe4 Nxc5 21. Nc3 exd5 22. exd5 O-O 23. b4 Nd7 24. Bd3 Ne5 25. Rae1 Nf3+ 26. Ke3 Nxe1 27. Rxe1 Rfe8+ 28. Kd2 Rxe1 29. Kxe1 Nf4 30. Be4 a5 31. b5 Rc8 32. d6 Rxc4 33. d7 Ne6 34. Kd2 Rd4+ 35. Ke3 Rxd7 36. Nd5 Kf8 37. Nb6 Re7 38. Nd5 Rd7 39. Nb6 Rc7 40. Nd5 Rc5 41. a4 f5 42. Bf3 g5 43. Nb6 Ke7 44. Bxb7 Rc3+ 45. Kd2 Rh3 46. Nc4 Rxh2+ 47. Kc3 Nc5 48. Nxa5 Nxa4+ 49. Kd4 Rh4+ 50. Ke5 f4 51. Nc6+ 1-0


[Site "https://www.chess.com"]

[Event "Titled Tuesday Blitz February 21 Early 2023"]
[White "Filgueira, Hernan"]
[Black "Da Silva Borges, Rodrigo"]
[WhiteFideId "101770"]
[BlackFideId "2115778"]
[WhiteElo "2283"]
[BlackElo "2199"]
[Result "1-0"]
[Round "08"]
[TimeControl "180+2"]
[Date "2023.02.21"]
[WhiteClock "0:00:56"]
[BlackClock "0:00:22"]

1. e4 c5 2. Nf3 d6 3. Bb5+ Bd7 4. Bxd7+ Qxd7 5. O-O Nf6 6. Re1 e6 7. b3 Be7 8. Bb2 Nc6 9. c4 O-O 10. d4 cxd4 11. Nxd4 Nxd4 12. Qxd4 d5 13. cxd5 exd5 14. e5 Ne8 15. Nc3 Nc7 16. Rad1 Rad8 17. Qxa7 d4 18. Na4 Ne6 19. Qb6 Qd5 20. Nc3 dxc3 21. Rxd5 cxb2 22. Rxd8 Rxd8 23. Qxb7 Bc5 24. g3 h5 25. b4 Bd4 26. Rb1 Bc3 27. a4 Rd2 28. Qc8+ 1-0


[Site "https://www.chess.com"]

[Event "Titled Tuesday Blitz February 21 Early 2023"]
[White "Berkes, Ferenc"]
[Black "Dong, Khanh Linh"]
[WhiteFideId "718572"]
[BlackFideId "12403040"]
[WhiteElo "2621"]
[BlackElo "1900"]
[Result "1-0"]
[Round "08"]
[TimeControl "180+2"]
[Date "2023.02.21"]
[WhiteClock "0:01:55"]
[BlackClock "0:00:09"]

1. d4 d5 2. Nf3 Nf6 3. Bf4 e6 4. e3 c5 5. Nbd2 Bd6 6. Bg3 Nc6 7. c3 Qe7 8. Ne5 Nd7 9. f4 Bxe5 10. fxe5 Nf8 11. Be2 Ng6 12. O-O Bd7 13. a3 O-O 14. Bd3 c4 15. Bc2 b5 16. Qh5 a5 17. e4 b4 18. Nf3 f6 19. exf6 Rxf6 20. e5 Rff8 21. Ng5 Rxf1+ 22. Rxf1 h6 23. Qxg6 1-0


[Site "https://www.chess.com"]

[Event "Titled Tuesday Blitz February 21 Early 2023"]
[White "Yurasova, Daria"]
[Black "Kornyukov, Alexey"]
[WhiteFideId "34146919"]
[BlackFideId "4150457"]
[WhiteElo "2095"]
[BlackElo "2452"]
[Result "1-0"]
[Round "08"]
[TimeControl "180+2"]
[Date "2023.02.21"]
[WhiteClock "0:01:25"]
[BlackClock "0:01:34"]

1. d4 d5 2. Nf3 Nf6 3. Bf4 c5 4. e3 Nc6 5. Nbd2 Bg4 6. c3 c4 7. Be2 e6 8. h3 Bh5 9. O-O Be7 10. Ne5 Bxe2 11. Qxe2 h6 12. e4 Nxe5 13. Bxe5 O-O 14. Bh2 b5 15. e5 Nd7 16. f4 Nb6 17. f5 exf5 18. Rxf5 Qd7 19. Raf1 Bg5 20. R5f2 a5 21. Nf3 Be7 22. Bg3 b4 23. Nh4 Na4 24. Nf5 bxc3 25. Qg4 Bg5 26. Nxh6+ 1-0


[Site "https://www.chess.com"]